 Dungeon Sprint DCSS version 0.27.1-33-g824d729ab1 (webtiles) character file.

Game seed: 10975231260202750261

426 manyhoops the Unseen (level 6, -2/28 HPs)
             Began as a Spriggan Enchanter on Dec 3, 2021.
             Was an Initiate of Dithmenos.
             Slain by Sonja (7 damage)
             ... in the Dungeon (Sprint I: "Red Sonja").
             The game lasted 00:01:08 (164 turns).

manyhoops the Unseen (Spriggan Enchanter)            Turns: 164, Time: 00:01:09

Health: -2/28      AC:  2    Str:  4    XL:     6   Next: 64%
Magic:  5/11       EV: 17    Int: 16    God:    Dithmenos [......]
Gold:   313        SH:  0    Dex: 18    Spells: 4/10 levels left

rFire    . . .     SeeInvis +   a - +1 dagger
rCold    . . .     Faith    .   (shield restricted)
rNeg     . . .     Spirit   .   b - +0 robe
rPois    .         Reflect  .   (helmet restricted)
rElec    .         Harm     .   (no cloak)
rCorr    .         Rampage  .   (gloves unavailable)
Will     +....     NoTele   +   (boots unavailable)
Stlth    ++++++++..             (no amulet)
HPRegen  0.09/turn              (no ring)
MPRegen  0.12/turn              (no ring)

@: very slightly contaminated, very quick
A: very small, no large weapons, unfitting armour, see invisible, speed 3
a: Renounce Religion


You were in the Dungeon.
You worshipped Dithmenos.
Dithmenos was noncommittal.
You visited 1 branch You collected 313 gold pieces.

Inventory:

Hand Weapons
 a - a +1 dagger (weapon)
Armour
 b - a +0 robe (worn)
Wands
 g - a wand of polymorph (4)
Scrolls
 h - a scroll of blinking
 j - a scroll of enchant armour {unknown}
Potions
 c - a potion of curing
 d - a potion of heal wounds
 e - a potion of haste
 f - 2 potions of magic
 i - a potion of flight {unknown}


   Skills:
 - Level 1.1 Short Blades
 - Level 2.6 Dodging
 + Level 20.1 Stealth
 - Level 2.6 Spellcasting
 - Level 3.6 Hexes


You had 4 spell levels left.
You knew the following spells:

 Your Spells              Type           Power      Damage    Failure   Level
a - Corona                Hex            14%        N/A       4%          1
b - Ensorcelled Hibernat  Hex/Ice        14%        N/A       14%         2
c - Dazzling Flash        Conj/Hex       14%        N/A       28%         3

Your spell library contained the following spells:

 Spells                   Type           Power      Damage    Failure   Level
 Confusing Touch          Hex            13%        N/A       13%         3
 Tukima's Dance           Hex            13%        N/A       13%         3


Dungeon Overview and Level Annotations

Branches:
Dungeon (1/1)

Altars:
Cheibriados
Dithmenos
Elyvilon
Fedhas
Gozag
Hepliaklqana
Kikubaaqudgha
Nemelex Xobeh
Okawaru
Qazlal
Ru
Sif Muna
Trog
Uskayaw
Vehumet
Wu Jian
Yredelemnul
Zin
The Shining One

Shops:
D :

Annotations:
D Sonja


Innate Abilities, Weirdness & Mutations

You are very small and have problems with some larger weapons.
You are too small for most types of armour.
You have supernaturally acute eyesight. (SInv)
You cover ground extremely quickly. (Speed+++)


Message History

There is an open door here.
You see here a +0 leather armour.
There is a shimmering blue altar of Sif Muna here.
You open the door.
Found 16 gold pieces.
There is an open door here.
You now have 313 gold pieces (gained 16).
There is an open door here.
As you open the door, it creaks loudly!
Sonja, the Graceful Assassin comes into view.
She is wielding a +0 dagger of distortion and quivering curare-tipped darts.
Sonja shouts!
Found 108 gold pieces.
Casting: Ensorcelled Hibernation (safe; 14% risk of failure)
Confirm with . or Enter, or press ? or * to list all spells.
Aiming: Ensorcelled Hibernation (safe; 14% risk of failure)
Press: ? - help, Shift-Dir - straight line, f - Sonja
Aim: Sonja, wielding a +0 dagger of distortion and quivering curare-tipped darts (chance to affect: 48%) Sonja resists with some effort.
Casting: Ensorcelled Hibernation (safe; 14% risk of failure)
Confirm with . or Enter, or press ? or * to list all spells.
Aiming: Ensorcelled Hibernation (safe; 14% risk of failure)
Press: ? - help, Shift-Dir - straight line, f/p - Sonja
Aim: Sonja, wielding a +0 dagger of distortion and quivering curare-tipped darts (chance to affect: 48%)
You miscast Ensorcelled Hibernation.
You are very lightly contaminated with residual magic.
Nothing appears to happen.
Sonja closely misses you.
Sonja hits you with a +0 dagger of distortion!
Sonja hits you with a +0 dagger of distortion. x2
Space bends around you. Sonja misses you.
Sonja hits you with a +0 dagger of distortion.
* * * LOW HITPOINT WARNING * * *
Unknown command.
Casting: Ensorcelled Hibernation (safe; 14% risk of failure)
Confirm with . or Enter, or press ? or * to list all spells.
Aiming: Ensorcelled Hibernation (safe; 14% risk of failure)
Press: ? - help, Shift-Dir - straight line, f/p - Sonja
Aim: Sonja, wielding a +0 dagger of distortion and quivering curare-tipped darts (chance to affect: 48%)
You miscast Ensorcelled Hibernation.
Nothing appears to happen.
Sonja hits you with a +0 dagger of distortion!
You die...

################
#<.#..'..#.)'..#
#..').#.)'..#..+
#..#####'#####'#
#..####..#...#.#
#..#__####..##[#
#..#_____##'#_.+
#⌠⌠#_.∩..†'..._#
####_..__##_@#'#
#_____###K#.#
####### #.###
$.$ $.$ ##.##
#+#


You could see Sonja.

Vanquished Creatures
  Sigmund (D)
  A yak (D)
  An ogre (D)
  A jelly (D)
  Ijyb (D)
5 creatures vanquished.

Notes
Turn   | Place    | Note
-------+----------+-------------------------------------------
     0 | D        | manyhoops the Spriggan Enchanter began the quest for the
                  | Orb.
     0 | D        | Reached XP level 1. HP: 9/9 MP: 5/5
     1 | D        | Noticed Ijyb
    13 | D        | Killed Ijyb
    14 | D        | Reached skill level 9 in Stealth
    14 | D        | Reached XP level 2. HP: 13/13 MP: 6/6
    70 | D        | Noticed an ogre
    72 | D        | Killed an ogre
    73 | D        | Reached skill level 14 in Stealth
    73 | D        | Reached XP level 3. HP: 16/16 MP: 8/8
    73 | D        | Reached XP level 4. HP: 21/21 MP: 9/9
    76 | D        | Learned a level 2 spell: Ensorcelled Hibernation
    80 | D        | Learned a level 3 spell: Dazzling Flash
    88 | D        | Noticed Sigmund
    91 | D        | Killed Sigmund
    92 | D        | Reached skill level 17 in Stealth
    92 | D        | Reached XP level 5. HP: 24/24 MP: 10/10
   104 | D        | Found an ornate altar of the Wu Jian Council.
   104 | D        | Found a shimmering blue altar of Sif Muna.
   106 | D        | Found a radiant altar of Vehumet.
   111 | D        | Found Cuik's Book Emporium.
   111 | D        | Found an ancient bone altar of Kikubaaqudgha.
   111 | D        | Found a hazy altar of Hepliaklqana.
   111 | D        | Found a stormy altar of Qazlal.
   111 | D        | Found a hide-covered altar of Uskayaw.
   111 | D        | Found a blossoming altar of Fedhas.
   111 | D        | Found a bloodstained altar of Trog.
   111 | D        | Found an iron altar of Okawaru.
   111 | D        | Found a basalt altar of Yredelemnul.
   111 | D        | Found a glowing golden altar of the Shining One.
   111 | D        | Found a snail-covered altar of Cheibriados.
   111 | D        | Found a sacrificial altar of Ru.
   111 | D        | Found a glowing silver altar of Zin.
   111 | D        | Found a shadowy altar of Dithmenos.
   111 | D        | Found a white marble altar of Elyvilon.
   111 | D        | Noticed a yak
   112 | D        | Found an opulent altar of Gozag.
   113 | D        | Killed a yak
   114 | D        | Reached skill level 19 in Stealth
   114 | D        | Reached XP level 6. HP: 28/28 MP: 11/11
   114 | D        | Found a sparkling altar of Nemelex Xobeh.
   120 | D        | Became a worshipper of Dithmenos the Shadowed
   125 | D        | Reached skill level 20 in Stealth
   161 | D        | Noticed Sonja
   164 | D        | Slain by Sonja

Illustrated notes

Levels and vault maps discovered:
D:        dungeon_sprint_1 [red_sonja_temple_1, red_sonja_temple_small_1]

Skill      XL: |  1  2  3  4  5  6 |
---------------+-------------------+-----
Stealth        | 9 14 17 19 20 | 20.1
Short Blades   | |  1.1
Dodging        | |  2.6
Spellcasting   | |  2.6
Hexes          | |  3.6

Action                   |  1- 3 |  4- 6 || total
-------------------------+-------+-------++-------
Melee: Dagger            |    11 |     3 ||    14
 Cast: Ensorcelled Hiber |       |     2 ||     2
  Use: Potion            |     1 |       ||     1
 Stab: Sleeping          |     1 |     3 ||     4
Armor: Robe              |     1 |       ||     1
Dodge: Dodged            |     4 |     2 ||     6
